 Dungeon Crawl Stone Soup version 0.29.1-1-gd02db6906a (webtiles) character file.

Game seed: 7195114514253997782

754 warriortoast the Thaumaturge (level 7, -1/54 HPs)
             Began as a Deep Elf Conjurer on Sept 24, 2022.
             Slain by a gnoll sergeant
             ... wielding a +0 spear
              (5 damage)
             ... on level 5 of the Dungeon.
             The game lasted 00:12:27 (5462 turns).

warriortoast the Thaumaturge (Deep Elf Conjurer)    Turns: 5462, Time: 00:12:27

Health: -1/54      AC:  3    Str:  4    XL:     7   Next: 49%
Magic:  10/20      EV: 12    Int: 25    God:
Gold:   154        SH:  0    Dex: 13    Spells: 21/22 levels left

rFire   . . .      SeeInvis .   l - +1 whip (venom)
rCold   . . .      Faith    .   (no shield)
rNeg    . . .      Spirit   .   a - +0 robe
rPois   .          Reflect  .   (no helmet)
rElec   .          Harm     .   o - scarf {repulsion}
rCorr   .          Rampage  .   w - +0 pair of gloves
Will    .....                   (no boots)
Stlth   ..........              h - amulet of the acrobat
HPRegen 0.18/turn               (no ring)
MPRegen 0.17/turn               (no ring)

@: berserking, repel missiles, very quick
A: no striking features
a: no special abilities


You were on level 5 of the Dungeon.
You visited 2 branches of the dungeon, and saw 6 of its levels.

You collected 154 gold pieces.

Inventory:

Hand Weapons
 l - a +1 whip of venom (weapon)
Missiles
 t - 6 atropa-tipped darts
 x - 3 datura-tipped darts
Armour
 a - a +0 robe (worn)
 c - a +1 pair of gloves of stealth
 g - a +1 cloak
 o - a scarf of repulsion (worn)
 r - a +0 helmet
 w - a +0 pair of gloves (worn)
Magical Staves
 d - a staff of cold
Jewellery
 h - an amulet of the acrobat (around neck)
Scrolls
 f - a scroll of summoning {unknown}
 j - a scroll of blinking {unknown}
 k - 2 scrolls of immolation {unknown}
 n - a scroll of fear {unknown}
 p - 3 scrolls of identify
 q - 3 scrolls of teleportation {unknown}
 s - 2 scrolls of fog {unknown}
 u - a scroll of poison {unknown}
 v - 2 scrolls of noise {unknown}
Potions
 b - a potion of magic
 e - a potion of berserk rage
 i - 2 potions of flight {unknown}
 m - a potion of attraction {unknown}
 z - 2 potions of brilliance {unknown}
 A - a potion of might {unknown}
 B - a potion of resistance {unknown}


   Skills:
 - Level 2.4 Dodging
 - Level 2.4 Stealth
 + Level 8.3 Spellcasting
 + Level 7.9 Conjurations


You had 21 spell levels left.
You knew the following spells:

 Your Spells              Type           Power      Damage    Failure   Level
a - Magic Dart            Conj           100%       1d8       1%          1

Your spell library contained the following spells:

 Spells                   Type           Power      Damage    Failure   Level
 Searing Ray              Conj           98%        2d8       1%          2
 Dazzling Flash           Conj/Hex       60%        N/A       3%          3
 Fulminant Prism          Conj/Hex       15%        3d11      12%         4
 Iskenderun's Mystic Bla  Conj/Tloc      30%        2d8       12%         4


Dungeon Overview and Level Annotations

Branches:
Dungeon (5/15)             Temple (1/1) D:5

Altars:
Ashenzari
Cheibriados
Dithmenos
Fedhas
Gozag
Hepliaklqana
Makhleb
Nemelex Xobeh
Qazlal
Ru
Sif Muna
Trog
Uskayaw
Wu Jian
Yredelemnul


Message History

The magic dart hits the gnoll sergeant but does no damage.
The gnoll sergeant is moderately wounded.
The gnoll sergeant misses you.
The magic dart hits the gnoll sergeant but does no damage.
The gnoll sergeant is moderately wounded.
The gnoll sergeant hits you from afar with a +0 spear.
The magic dart hits the gnoll sergeant.
The gnoll sergeant is heavily wounded.
The gnoll sergeant hits you from afar with a +0 spear!
You are too injured to fight recklessly!
You are too injured to fight recklessly!
You are too injured to fight recklessly!
You are too injured to fight recklessly!
You are too injured to fight recklessly!
Casting: Magic Dart (safe; 1% risk of failure)
Confirm with . or Enter, or press ? or * to list all spells.
Aiming: Magic Dart (safe; 1% risk of failure)
Press: ? - help, Shift-Dir - straight line, f/p - gnoll sergeant
Aim: a gnoll sergeant, wielding a +0 spear and wearing a +0 ring mail (heavily wounded, 100% to hit)
The magic dart hits the gnoll sergeant.
The gnoll sergeant is heavily wounded.
The gnoll sergeant hits you but does no damage.
Unknown command.
Casting: Magic Dart (safe; 1% risk of failure)
Confirm with . or Enter, or press ? or * to list all spells.
Aiming: Magic Dart (safe; 1% risk of failure)
Press: ? - help, Shift-Dir - straight line, f/p - gnoll sergeant
Aim: a gnoll sergeant, wielding a +0 spear and wearing a +0 ring mail (heavily wounded, 100% to hit)
The magic dart hits the gnoll sergeant.
The gnoll sergeant is severely wounded.
The gnoll sergeant hits you from afar with a +0 spear!
* * * LOW HITPOINT WARNING * * *
A red film seems to cover your vision as you go berserk!
You feel yourself moving faster!
You feel mighty! The gnoll sergeant barely misses you.
You feel a strong urge to attack something.
You barely miss the gnoll sergeant.
The gnoll sergeant is severely wounded.
The gnoll sergeant hits you with a +0 spear.
You die...

..................?.####
###.......####...)#.##..
# #.#...#.##...........#
# #.#...#.##.#.#.#.#.#.#
#.#...#.##.............
#.#...#....#.......#...
###.......##............#
..g.†# ####.#...>...#.#
####.g..........@......#
.#.##.#..#.g)....#.# .. #
##...........# . ..)
#.#.#.#.#.#.# ## .#.#
#...........$. ....
...########### ##.## ##.
#.


You could see a gnoll sergeant.

Vanquished Creatures
  A black bear (D:4)
  A centaur (D:5)
  3 necrophages (D:5)
  2 scorpions (D:4)
  A hound (D:2)
  An iguana (D:5)
  Natasha (thrice) (D:3)
  Robin (D:3)
  2 gnolls (D:5)
  3 adders (D:3)
  An ufetubus (D:5)
  A worm (D:3)
  2 dart slugs
  6 orcs
  6 endoplasms
  2 giant cockroaches
  12 goblins
  7 hobgoblins
  4 jackals
  7 kobolds
  3 quokkas
  5 ball pythons
  4 bats (D:2)
  3 frilled lizards
  2 rats
83 creatures vanquished.

Vanquished Creatures (others)
  3 plants (D:1)
3 creatures vanquished.

Grand Total: 86 creatures vanquished

Notes
Turn   | Place    | Note
-------+----------+-------------------------------------------
     0 | D:1      | warriortoast the Deep Elf Conjurer began the quest for the
                  | Orb.
     0 | D:1      | Reached XP level 1. HP: 10/10 MP: 6/6
    63 | D:1      | Found a faded altar of an unknown god.
   375 | D:1      | Reached XP level 2. HP: 15/15 MP: 5/8
  1080 | D:2      | Reached skill level 4 in Spellcasting
  1080 | D:2      | Reached skill level 5 in Conjurations
  1080 | D:2      | Reached XP level 3. HP: 10/19 MP: 1/10
  1701 | D:3      | Reached XP level 4. HP: 22/24 MP: 6/12
  1864 | D:3      | Noticed Natasha
  1882 | D:3      | Killed Natasha
  1883 | D:3      | Reached skill level 5 in Spellcasting
  2441 | D:3      | Reached XP level 5. HP: 28/28 MP: 11/14
  2520 | D:3      | Noticed Natasha
  2524 | D:3      | Killed Natasha
  2580 | D:3      | Noticed Robin
  2603 | D:3      | Killed Robin
  2834 | D:3      | Noticed Natasha
  2843 | D:3      | Killed Natasha
  2844 | D:3      | Reached skill level 6 in Spellcasting
  3258 | D:4      | Found a sparkling altar of Nemelex Xobeh.
  3403 | D:4      | Noticed a black bear
  3606 | D:4      | Reached XP level 6. HP: 20/32 MP: 10/17
  4023 | D:4      | Reached skill level 7 in Spellcasting
  4439 | D:5      | Entered Level 5 of the Dungeon
  4542 | D:5      | Reached XP level 7. HP: 29/36 MP: 11/20
  4968 | D:5      | Reached skill level 8 in Spellcasting
  5316 | D:5      | Found a staircase to the Ecumenical Temple.
  5325 | Temple   | Entered the Ecumenical Temple
  5462 | D:5      | Slain by a gnoll sergeant

Illustrated notes

Levels and vault maps discovered:
D:1:      amcnicky_arrival_double_pillar, layout_loops_cross,
          shapermc_ecumenical_altar_gd
D:2:      layout_basic, minmay_misc_feat_diagonals
D:3:      layout_basic, corexii_leaking_fountain, kennysheep_donut,
          uniq_natasha, uniq_robin
D:4:      layout_loops_ring, nemelex_dance_club_becter
D:5:      layout_loops_cross, minmay_temple_entry_glass, kennysheep_nub,
          uniq_sigmund
Temple:   nicolae_temple_two_arcs

Skill      XL: |  1  2  3  4  5  6  7 |
---------------+----------------------+-----
Spellcasting   | 4 5 6 7 8 |  8.3
Conjurations   | 5 6 7 |  7.9
Dodging        | |  2.4
Stealth        | |  2.4

Action                   |  1- 3 |  4- 6 |  7- 9 || total
-------------------------+-------+-------+-------++-------
Melee: Unarmed           |     2 |       |       ||     2
       Whip              |       |     2 |     1 ||     3
Throw: Dart              |       |     2 |       ||     2
 Cast: Magic Dart        |    67 |   144 |    57 ||   268
  Use: Scroll            |       |       |     1 ||     1
       Potion            |       |       |     1 ||     1
Armor: Robe              |     3 |     8 |    10 ||    21
Dodge: Dodged            |     7 |    25 |    32 ||    64
       Repelled          |       |     1 |       ||     1
